 Dungeon Crawl Stone Soup version 0.30.1-9-gdf580d7c3d (webtiles) character file.

Game seed: 16803307120400549003

88 ChiefBigBeans the Trooper (level 4, 0/37 HPs)
             Began as a Demonspawn Fighter on Oct 5, 2023.
             Slain by Terence
             ... wielding a +0 short sword
              (3 damage)
             ... on level 3 of the Dungeon.
             The game lasted 00:02:49 (1546 turns).

ChiefBigBeans the Trooper (Demonspawn Fighter)      Turns: 1546, Time: 00:02:50

Health: 0/37       AC:  7    Str: 18    XL:     4   Next: 30%
Magic:  4/4        EV:  9    Int:  9    God:
Gold:   255        SH:  5    Dex: 19    Spells: 3/3 levels left

rFire   . . .        a - +1 war axe
rCold   . . .        c - +0 buckler
rNeg    . . .        b - +0 scale mail
rPois   .            (no helmet)
rElec   .            (no cloak)
rCorr   .            g - +0 pair of gloves
SInv    .            (no boots)
Will    .....        o - amulet of magic regeneration Stlth
                     i - +6 ring of dexterity
HPRegen 0.26/turn    (no ring)
MPRegen 0.49/turn

%: no passive effects
@: no status effects
A: claws 1, powered by death 1
a: no special abilities


You were on level 3 of the Dungeon.
You visited 1 branch of the dungeon, and saw 3 of its levels.

You collected 255 gold pieces.

Inventory:

Hand Weapons
 a - a +1 war axe (weapon)
Armour
 b - a +0 scale mail (worn)
 c - a +0 buckler (worn)
 g - a +0 pair of gloves (worn)
Jewellery
 i - a +6 ring of dexterity (left hand)
 o - an amulet of magic regeneration (around neck)
Scrolls
 e - 2 scrolls of fear {unknown}
 j - a scroll of identify {unknown}
 l - a scroll of brand weapon {unknown}
 m - a scroll of teleportation {unknown}
Potions
 d - a potion of might
 f - a potion of curing
 h - a potion of magic
 k - a potion of flight {unknown}
 n - a potion of degeneration {unknown}


   Skills:
 + Level 4.2 Fighting
 - Level 1.7 Axes
 - Level 2.6 Armour
 + Level 3.8 Shields


You had 3 spell levels left.
You didn't know any spells.
Your spell library contained the following spells:

 Spells                   Type           Power      Damage    Failure   Level
 Magic Dart               Conj           0%         1d3       86%         1
 Call Imp                 Summ           0%         N/A       94%         2
 Mephitic Cloud           Conj/Pois/Air  0%         N/A       99%         3


Dungeon Overview and Level Annotations

Branches:
Dungeon (3/15)

Altars:
Dithmenos

Shops:
D:1 (

Annotations:
D:3 Terence


Innate Abilities, Weirdness & Mutations

You have sharp fingernails.
You regenerate a little health from kills.


Message History

You kill the orc!
You hit the orc priest. You hit Terence but do no damage.
Terence hits you but does no damage. The orc priest barely misses you.
You block Terence's attack.
The orc priest mumbles some strange prayers to Beogh against you.
Pain shoots through your body! Terence attacks as you move away!
Terence hits you but does no damage. The orc priest completely misses you.
Things that are here:
a +0 flail; a boomerang; an orc corpse You hit Terence but do no damage.
Terence is lightly wounded.
You barely miss the orc priest. Terence hits you with a +0 short sword!
* * * LOW HITPOINT WARNING * * *
The orc priest hits you but does no damage.
You closely miss Terence.
Terence is lightly wounded.
You hit the orc priest. Terence hits you but does no damage.
The orc priest invokes the aid of Beogh against you.
Pain shoots through your body!
* * * LOW HITPOINT WARNING * * *
You block Terence's attack.
The orc priest hits you but does no damage.
You closely miss Terence.
Terence is lightly wounded.
You slash the orc priest! Terence hits you with a +0 short sword.
* * * LOW HITPOINT WARNING * * *
You block the orc priest's attack.
You hit Terence but do no damage.
Terence is lightly wounded.
You hit the orc priest. You block Terence's attack.
The orc priest casts a cantrip, but nothing happens.
Terence hits you but does no damage.
The orc priest looks braver for a moment.
You closely miss Terence.
Terence is lightly wounded.
You hit the orc priest.
You kill the orc priest!
Terence hits you with a +0 short sword.
You die...

#####.............#
........###########
..###...### ..#
#.....######## ..#
#...#...)....#
#...####.....#
#...# ##....# #...#
##...## #...#
###@@# #...# ##gl#
#...# ##.... #...#
##..# ....# ....
....# ...# ....#
..# ..#


You could see Terence, a hobgoblin and a frilled lizard.

Vanquished Creatures
  An orc priest (D:3)
  Jessica (D:3)
  An adder (D:2)
  A worm (D:2)
  2 dart slugs (D:2)
  7 orcs
  3 bats
  3 endoplasms (D:2)
  2 goblins
  3 hobgoblins
  A quokka (D:2)
  6 ball pythons
  6 frilled lizards
  2 kobolds
  A rat (D:1)
40 creatures vanquished.

Notes
Turn   | Place    | Note
-------+----------+-------------------------------------------
     0 | D:1      | ChiefBigBeans the Demonspawn Fighter began the quest for
                  | the Orb.
     0 | D:1      | Reached XP level 1. HP: 18/18 MP: 1/1
    55 | D:1      | Found Keivu's Antique Weapon Emporium.
   420 | D:1      | Gained mutation: You regenerate a little health from kills.
                  | [demonic ancestry]
   420 | D:1      | Reached XP level 2. HP: 24/24 MP: 2/2
   966 | D:2      | Gained mutation: You have sharp fingernails. [demonic
                  | ancestry]
   966 | D:2      | Reached XP level 3. HP: 20/30 MP: 3/3
  1429 | D:3      | Noticed Jessica
  1435 | D:3      | Killed Jessica
  1436 | D:3      | Reached skill level 4 in Fighting
  1436 | D:3      | Reached XP level 4. HP: 25/37 MP: 4/4
  1485 | D:3      | Found a shadowy altar of Dithmenos.
  1534 | D:3      | Noticed Terence
  1546 | D:3      | Slain by Terence

Illustrated notes

Levels and vault maps discovered:
D:1:      matt_arrival_grand_opening, layout_basic, serial_shops,
          nicolae_shop_statue_plus, minmay_gold_behind_fungi, st_stairs_9
D:2:      layout_loops_cross
D:3:      layout_basic, mainiacjoe_overflow_alcove_2, lemuel_doored_altar,
          serial_shops, shop, shapermc_ecumenical_altar_gd, uniq_jessica,
          uniq_terence

Skill      XL: |  1  2  3 |
---------------+----------+-----
Shields        | 3 |  3.8
Fighting       | 4 |  4.2
Axes           | |  1.7
Armour         | |  2.6

Action                     |  1- 3 |  4- 6 || total
---------------------------+-------+-------++-------
  Melee: War axe           |    83 |    19 ||   102
    Use: Potion            |     4 |       ||     4
         Scroll            |     3 |       ||     3
 Armour: Scale mail        |    43 |    12 ||    55
  Dodge: Dodged            |    41 |     5 ||    46
  Block: Buckler           |    18 |    10 ||    28
